Detroit Red Wings vs Arizona Coyotes
Created - Friday, November 1, 2024 at 07:06
Goals
|
| Detroit Red Wings |
1 |
0 |
1 |
0 |
1 |
3 |
| Arizona Coyotes |
0 |
0 |
2 |
0 |
0 |
2 |
|
Shots
|
| Detroit Red Wings |
9 |
14 |
10 |
0 |
4 |
33 |
| Arizona Coyotes |
12 |
7 |
14 |
0 |
4 |
33 |
|
1st period
1. Detroit Red Wings , Brendan Gallagher 6 (Shayne Gostisbehere 22, Zach Bogosian 9) at 6:53
Penalties :
Jani Hakanpaa (AZC) for Tripping (Minor) at 0:21, Zach Bogosian (DET) for High sticking (Minor) at 7:48, Kevin Stenlund (DET) for Holding (Minor) at 15:09
2nd period
No Goal
Penalties :
Steven Stamkos (DET) for High sticking (Minor) at 17:24
3rd period
2. Detroit Red Wings , Jared McCann 17 (Steven Stamkos 34, MacKenzie Weegar 17) at 0:53
3. Arizona Coyotes , Jakob Silfverberg 6 (Jani Hakanpaa 10, Petr Mrazek) at 15:07
4. Arizona Coyotes , Charlie Coyle 22 (Mats Zuccarello 36, Jared Spurgeon 23) at 19:58
Penalties :
Raphael Lavoie (DET) for Hooking (Minor) at 6:07, Brayden McNabb (AZC) for Hooking (Minor) at 7:15, Ryan Donato (AZC) for Interference (Minor) at 15:50, Matthew Boldy (DET) for Interference (Minor) at 17:33
Overtime #1
No Goal
Penalties :
No Penalty
Shootout
Detroit Red Wings, Mika Zibanejad - Stopped by Petr Mrazek
Arizona Coyotes, Charlie Coyle - Stopped by Calvin Pickard
Detroit Red Wings, Steven Stamkos - Stopped by Petr Mrazek
Arizona Coyotes, Tyler Seguin - Stopped by Calvin Pickard
Detroit Red Wings, Matthew Boldy - Stopped by Petr Mrazek
Arizona Coyotes, Mats Zuccarello - Shot Hit the Post
Detroit Red Wings, Carter Verhaeghe - Goal!
Arizona Coyotes, Mason McTavish - Stopped by Calvin Pickard
Penalties :
No Penalty
Goalie Stats
Calvin Pickard (DET), 31 saves from 33 shots - (0.939), W, 17-7-5, 65:00 minutes
Petr Mrazek (AZC), 31 saves from 33 shots - (0.939), OTL, 18-23-6, 64:46 minutes
Players Stats for Detroit Red Wings
Player Name G A P +/- PIM S H SB GA TA FO MP PP MP PK MP
------------------------------------------------------------------------------------
Brendan Gallagher 1 0 1 0 0 1 0 0 0 0 0/1 6:04 0:00 0:00
Carter Verhaeghe 0 0 0 -1 0 2 0 0 1 0 1/1 20:28 2:25 0:09
Christian Fischer 0 0 0 0 0 1 2 0 0 0 0/0 11:54 0:00 0:00
Daniel Sprong 0 0 0 0 0 2 0 0 0 0 1/1 12:23 0:00 0:16
Jackson LaCombe 0 0 0 0 0 0 0 0 0 2 0/0 18:36 2:17 3:56
Jared McCann 1 0 1 1 0 3 6 1 0 0 0/2 19:19 2:25 3:54
Keegan Kolesar 0 0 0 0 0 0 2 0 0 0 0/0 10:34 0:00 4:29
Kevin Shattenkirk 0 0 0 0 0 0 2 2 0 2 0/0 20:52 2:33 4:52
Kevin Stenlund 0 0 0 0 2 0 0 0 1 0 1/3 9:37 0:00 3:30
MacKenzie Weegar 0 1 1 0 0 2 2 3 0 1 0/0 30:57 2:22 4:18
Matthew Boldy 0 0 0 -1 2 5 2 1 0 0 0/0 18:17 2:12 0:00
Mika Zibanejad 0 0 0 -1 0 6 3 2 0 1 14/27 25:03 2:25 4:24
Patrick Kane 0 0 0 1 0 5 2 0 0 0 0/0 15:48 2:25 0:00
Raphael Lavoie 0 0 0 0 2 0 1 0 0 1 2/2 12:19 0:12 0:03
Shayne Gostisbehere 0 1 1 0 0 2 1 1 0 1 0/0 26:02 2:28 4:30
Steven Stamkos 0 1 1 1 2 2 2 1 1 1 10/23 18:02 2:25 0:51
Zach Bogosian 0 1 1 0 2 0 2 0 0 0 0/0 14:18 0:00 0:00
Zachary Werenski 0 0 0 0 0 2 0 0 0 2 0/0 19:27 0:00 0:00
Players Stats for Arizona Coyotes
Player Name G A P +/- PIM S H SB GA TA FO MP PP MP PK MP
------------------------------------------------------------------------------------
Brandon Tanev 0 0 0 0 0 1 2 0 0 0 0/0 14:44 4:21 0:00
Brayden McNabb 0 0 0 0 2 1 2 2 1 1 0/0 23:59 4:10 1:33
Charlie Coyle 1 0 1 0 0 5 0 0 0 0 10/19 22:07 4:19 2:17
Erik Haula 0 0 0 0 0 4 1 1 0 0 7/16 16:13 4:21 0:00
Jakob Silfverberg 1 0 1 0 0 2 1 0 1 0 0/0 10:14 0:00 0:00
Jani Hakanpaa 0 1 1 0 2 1 5 2 0 0 0/0 24:35 4:37 1:15
Jared Spurgeon 0 1 1 0 0 1 2 1 1 0 0/0 25:45 4:37 2:24
Johnathan Kovacevic 0 0 0 0 0 1 0 0 0 0 0/0 16:21 0:00 2:00
Mark Jankowski 0 0 0 0 0 0 0 1 0 0 1/1 9:33 0:00 0:00
Mason McTavish 0 0 0 -1 0 1 2 0 1 0 4/7 21:47 4:06 2:33
Mats Zuccarello 0 1 1 0 0 3 1 0 0 0 1/3 22:22 3:57 2:33
Matt Dumba 0 0 0 0 0 2 1 0 1 1 0/0 14:38 0:00 0:02
Ondrej Palat 0 0 0 0 0 4 2 0 2 0 0/0 9:33 0:00 0:00
Radko Gudas 0 0 0 0 0 0 4 0 0 0 0/0 25:03 4:11 2:26
Ross Colton 0 0 0 0 0 2 0 0 0 0 7/11 11:59 0:30 0:00
Ryan Donato 0 0 0 0 2 1 0 0 0 1 0/0 11:55 0:30 0:00
Tyler Seguin 0 0 0 1 0 4 2 0 4 0 0/2 21:21 4:20 2:17
Zach Parise 0 0 0 0 0 0 0 1 0 0 1/1 11:51 0:00 0:00
3 Stars
1 - Jared McCann (DET)
2 - Calvin Pickard (DET)
3 - Petr Mrazek (AZC)
Power Play
Detroit Red Wings - 0 on 3 Attempt(s) - 0.00%
Arizona Coyotes - 0 on 5 Attempt(s) - 0.00%
Penalty Kill
Detroit Red Wings - 5 on 5 Attempt(s) - 100.00%
- Score 0 goal in Penalty Kill
Arizona Coyotes - 3 on 3 Attempt(s) - 100.00%
- Score 0 goal in Penalty Kill
Team Stat
Detroit Red Wings - Hits : 27 - Faceoff Wins : 29 - Blocked Shots : 11 - Penalty Minutes : 10
Arizona Coyotes - Hits : 25 - Faceoff Wins : 31 - Blocked Shots : 8 - Penalty Minutes : 6
Official
Referees : Chris Rooney and Dan O'Rourke
Linesman : Ryan Gibbons and Scott Cherrey
Game Notes
No Game Note
Finance
Level 1 -- Attendance: 5615 (93.58%) -- Ticket Income $516,580
Level 2 -- Attendance: 4287 (85.74%) -- Ticket Income $214,350
Level 3 -- Attendance: 2780 (92.67%) -- Ticket Income $77,840
Level 4 -- Attendance: 4422 (88.44%) -- Ticket Income $79,596
Luxury Box -- Attendance: 941 (94.10%) -- Ticket Income $178,790
Game was played at the Gila River Arena.
Total Attendance: 18045 (90.23%)
Total Ticket Income: $1,067,156
Other Income: $373,505
Total Income: $1,440,661
Detroit Red Wings
5 vs 5 Forward
Center Left Wing Right Wing Time % Phy DF OF
1 Steven Stamkos Jared McCann Patrick Kane 35 1 2 2
2 Mika Zibanejad Carter Verhaeghe Matthew Boldy 35 1 2 2
3 Raphael Lavoie Daniel Sprong Christian Fischer 20 1 2 2
4 Kevin Stenlund Brendan Gallagher Keegan Kolesar 10 2 2 1
5 vs 5 Defense
Defense Defense Time % Phy DF OF
1 Zachary Werenski MacKenzie Weegar 40 1 2 2
2 Zach Bogosian Shayne Gostisbehere 30 1 2 2
3 Jackson LaCombe Kevin Shattenkirk 20 3 1 1
4 Shayne Gostisbehere MacKenzie Weegar 10 1 2 2
PowerPlay Forward
Center Left Wing Right Wing Time % Phy DF OF
1 Steven Stamkos Jared McCann Patrick Kane 50 1 2 2
2 Mika Zibanejad Carter Verhaeghe Matthew Boldy 50 1 2 2
PowerPlay Defense
Defense Defense Time % Phy DF OF
1 Jackson LaCombe MacKenzie Weegar 50 2 2 1
2 Shayne Gostisbehere Kevin Shattenkirk 50 2 2 1
Penalty Kill 4 Players Forward
Center Wing Time % Phy DF OF
1 Mika Zibanejad Jared McCann 50 2 2 1
2 Kevin Stenlund Keegan Kolesar 50 2 2 1
Penalty Kill 4 Players Defense
Defense Defense Time % Phy DF OF
1 Jackson LaCombe MacKenzie Weegar 50 2 2 1
2 Shayne Gostisbehere Kevin Shattenkirk 50 2 2 1
Penalty Kill - 3 Players Forward
Forward Time % Phy DF OF
1 Mika Zibanejad 50 1 2 2
2 Steven Stamkos 50 1 2 2
Penalty Kill - 3 Players Defense
Defense Defense Time % Phy DF OF
1 Jackson LaCombe MacKenzie Weegar 50 1 2 2
2 Shayne Gostisbehere Kevin Shattenkirk 50 2 2 1
4 vs 4 Forward
Center Wing Time % Phy DF OF
1 Mika Zibanejad Carter Verhaeghe 60 1 2 2
2 Steven Stamkos Matthew Boldy 40 1 1 3
4 vs 4 Defense
Defense Defense Time % Phy DF OF
1 Kevin Shattenkirk MacKenzie Weegar 60 1 2 2
2 Jackson LaCombe Shayne Gostisbehere 40 1 2 2
Last Minutes Offensive
Center Left Wing Right Wing Defense Defense
Mika Zibanejad Carter Verhaeghe Matthew Boldy Zachary Werenski MacKenzie Weegar
Last Minutes Defensive
Center Left Wing Right Wing Defense Defense
Mika Zibanejad Carter Verhaeghe Matthew Boldy Zachary Werenski MacKenzie Weegar
Goaltenders
Starting : Calvin Pickard
Backup : Vitek Vanecek
Extra Forwards
Normal : Raphael Lavoie, Christian Fischer, Daniel Sprong - PP : Kevin Stenlund, Daniel Sprong - PK : Steven Stamkos
Extra Defensemen
Normal : Kevin Shattenkirk, Shayne Gostisbehere, MacKenzie Weegar - PP : Kevin Shattenkirk - PK : Kevin Shattenkirk, Shayne Gostisbehere
Penalty Shots
Mika Zibanejad, Steven Stamkos, Matthew Boldy, Carter Verhaeghe, Jared McCann
Scratches
Alexander Barabanov (Healthy), Philippe Myers (Healthy), Laurent Brossoit (Back Injury)
Arizona Coyotes
5 vs 5 Forward
Center Left Wing Right Wing Time % Phy DF OF
1 Charlie Coyle Mason McTavish Mats Zuccarello 30 1 2 2
2 Erik Haula Zach Parise Tyler Seguin 30 1 2 2
3 Ross Colton Brandon Tanev Ryan Donato 25 1 2 2
4 Mark Jankowski Jakob Silfverberg Ondrej Palat 15 1 2 2
5 vs 5 Defense
Defense Defense Time % Phy DF OF
1 Jared Spurgeon Jani Hakanpaa 35 1 2 2
2 Radko Gudas Brayden McNabb 35 1 2 2
3 Matt Dumba Johnathan Kovacevic 30 1 2 2
4 Jared Spurgeon Jani Hakanpaa 0 1 2 2
PowerPlay Forward
Center Left Wing Right Wing Time % Phy DF OF
1 Charlie Coyle Mats Zuccarello Tyler Seguin 50 1 2 2
2 Mason McTavish Erik Haula Brandon Tanev 50 1 2 2
PowerPlay Defense
Defense Defense Time % Phy DF OF
1 Jared Spurgeon Jani Hakanpaa 50 1 2 2
2 Radko Gudas Brayden McNabb 50 1 2 2
Penalty Kill 4 Players Forward
Center Wing Time % Phy DF OF
1 Charlie Coyle Tyler Seguin 50 1 2 2
2 Mats Zuccarello Mason McTavish 50 1 2 2
Penalty Kill 4 Players Defense
Defense Defense Time % Phy DF OF
1 Jared Spurgeon Jani Hakanpaa 50 1 2 2
2 Radko Gudas Brayden McNabb 50 1 2 2
Penalty Kill - 3 Players Forward
Forward Time % Phy DF OF
1 Charlie Coyle 50 1 2 2
2 Tyler Seguin 50 1 2 2
Penalty Kill - 3 Players Defense
Defense Defense Time % Phy DF OF
1 Jared Spurgeon Jani Hakanpaa 50 1 2 2
2 Radko Gudas Brayden McNabb 50 1 2 2
4 vs 4 Forward
Center Wing Time % Phy DF OF
1 Charlie Coyle Tyler Seguin 50 1 2 2
2 Mats Zuccarello Mason McTavish 50 1 2 2
4 vs 4 Defense
Defense Defense Time % Phy DF OF
1 Jared Spurgeon Jani Hakanpaa 50 1 2 2
2 Radko Gudas Brayden McNabb 50 1 2 2
Last Minutes Offensive
Center Left Wing Right Wing Defense Defense
Charlie Coyle Mats Zuccarello Tyler Seguin Jared Spurgeon Jani Hakanpaa
Last Minutes Defensive
Center Left Wing Right Wing Defense Defense
Charlie Coyle Mats Zuccarello Tyler Seguin Jared Spurgeon Jani Hakanpaa
Goaltenders
Starting : Petr Mrazek
Backup : Carter Hart
Extra Forwards
Normal : Ross Colton, Ryan Donato, Jakob Silfverberg - PP : Ross Colton, Ryan Donato - PK : Jakob Silfverberg
Extra Defensemen
Normal : Matt Dumba, Johnathan Kovacevic, Radko Gudas - PP : Matt Dumba - PK : Johnathan Kovacevic, Radko Gudas
Penalty Shots
Charlie Coyle, Tyler Seguin, Mats Zuccarello, Mason McTavish, Erik Haula
Scratches
Jayden Struble (Healthy), Anthony Deangelo (Healthy), Scott Reedy (Healthy), Elvis Merzlikins (Healthy)
% Time on Ice - Detroit Red Wings
Lines # - Real PCT - Wanted PCT - Time Play
Normal Forward
1 - 30% - 35% - 13:39
2 - 32% - 35% - 14:22
3 - 24% - 20% - 10:45
4 - 14% - 10% - 6:04
Normal Defense
1 - 41% - 40% - 18:22
2 - 31% - 30% - 13:43
3 - 21% - 20% - 9:26
4 - 7% - 10% - 3:19
PP Forward
1 - 54% - 50% - 2:37
2 - 46% - 50% - 2:13
PP Defense
1 - 49% - 50% - 2:22
2 - 51% - 50% - 2:28
PK Forward
1 - 47% - 50% - 4:06
2 - 53% - 50% - 4:42
PK Defense
1 - 49% - 50% - 4:18
2 - 51% - 50% - 4:30
PK3 Forward
1 - 0% - 50%
2 - 0% - 50%
PK3 Defense
1 - 0% - 50%
2 - 0% - 50%
44 Forward
1 - 78% - 60% - 4:46
2 - 22% - 40% - 1:21
44 Defense
1 - 53% - 60% - 3:16
2 - 47% - 40% - 2:51
Last Minute Offensive - 0:00
Last Minute Defensive - 0:25
Total
Forward - 65:00
Defense - 65:00
|
% Time on Ice - Arizona Coyotes
Lines # - Real PCT - Wanted PCT - Time Play
Normal Forward
1 - 28% - 30% - 12:38
2 - 27% - 30% - 12:14
3 - 23% - 25% - 10:25
4 - 21% - 15% - 9:33
Normal Defense
1 - 35% - 35% - 15:42
2 - 36% - 35% - 16:00
3 - 29% - 30% - 13:08
4 - 0% - 0% - 0:00
PP Forward
1 - 51% - 50% - 4:27
2 - 49% - 50% - 4:21
PP Defense
1 - 52% - 50% - 4:37
2 - 48% - 50% - 4:11
PK Forward
1 - 47% - 50% - 2:17
2 - 53% - 50% - 2:33
PK Defense
1 - 50% - 50% - 2:24
2 - 50% - 50% - 2:26
PK3 Forward
1 - 0% - 50%
2 - 0% - 50%
PK3 Defense
1 - 0% - 50%
2 - 0% - 50%
44 Forward
1 - 51% - 50% - 3:08
2 - 49% - 50% - 2:59
44 Defense
1 - 55% - 50% - 3:22
2 - 45% - 50% - 2:45
Last Minute Offensive - 0:25
Last Minute Defensive - 0:00
Total
Forward - 65:00
Defense - 65:00
|
Play-by-Play
1st period
0:01 of 1st period - Steven Stamkos wins face-off versus Charlie Coyle in neutral zone.
0:04 of 1st period - Jared Spurgeon is hit by Steven Stamkos and loses puck.
0:21 of 1st period - Minor Penalty to Jani Hakanpaa for Tripping.
0:22 of 1st period - Charlie Coyle wins face-off versus Jared McCann in Arizona Coyotes zone.
1:44 of 1st period - Charlie Coyle is hit by Steven Stamkos and loses puck.
2:21 of 1st period - Penalty to Jani Hakanpaa is over, Jani Hakanpaa is back on ice.
2:28 of 1st period - Brandon Tanev is hit by Jared McCann and loses puck.
2:35 of 1st period - Jackson LaCombe is hit by Brandon Tanev.
2:57 of 1st period - Shayne Gostisbehere is hit by Radko Gudas.
3:01 of 1st period - Radko Gudas is hit by Christian Fischer.
3:39 of 1st period - Mika Zibanejad is hit by Mason McTavish and loses puck.
3:54 of 1st period - Wrist shot by Charlie Coyle.
3:54 of 1st period - Stopped by Calvin Pickard without a rebound.
3:55 of 1st period - Kevin Stenlund wins face-off versus Tyler Seguin in Detroit Red Wings zone.
5:03 of 1st period - Snap shot by Carter Verhaeghe.
5:03 of 1st period - Shot Misses the Net.
6:51 of 1st period - Snap shot by Brendan Gallagher.
6:51 of 1st period - Shot Misses the Net.
6:53 of 1st period - Snap shot by Brendan Gallagher.
6:53 of 1st period - Goal by Brendan Gallagher - Detroit Red Wings : 1 - Arizona Coyotes : 0.
6:54 of 1st period - Mika Zibanejad wins face-off versus Erik Haula in neutral zone.
7:05 of 1st period - Wrist shot by Matthew Boldy.
7:05 of 1st period - Deflect By Carter Verhaeghe.
7:05 of 1st period - Shot Misses the Net.
7:05 of 1st period - Puck is out of play.
7:06 of 1st period - Charlie Coyle wins face-off versus Steven Stamkos in Arizona Coyotes zone.
7:17 of 1st period - Wrist shot by Charlie Coyle.
7:17 of 1st period - Stopped by Calvin Pickard without a rebound.
7:18 of 1st period - Erik Haula wins face-off versus Mika Zibanejad in Detroit Red Wings zone.
7:27 of 1st period - Slapshot by Mika Zibanejad.
7:27 of 1st period - Shot Blocked by Erik Haula.
7:29 of 1st period - Slapshot by Zachary Werenski.
7:29 of 1st period - Stopped by Petr Mrazek without a rebound.
7:30 of 1st period - Mason McTavish wins face-off versus Steven Stamkos in Arizona Coyotes zone.
7:48 of 1st period - Minor Penalty to Zach Bogosian for High sticking.
7:49 of 1st period - Mika Zibanejad wins face-off versus Charlie Coyle in Detroit Red Wings zone.
8:02 of 1st period - Wrist shot by Mats Zuccarello.
8:02 of 1st period - Stopped by Calvin Pickard with a rebound.
8:04 of 1st period - Snap shot by Tyler Seguin.
8:04 of 1st period - Stopped by Calvin Pickard with a rebound.
8:06 of 1st period - Wrist shot by Mats Zuccarello.
8:06 of 1st period - Shot Blocked by Mika Zibanejad.
9:06 of 1st period - Brandon Tanev is hit by Kevin Shattenkirk.
9:48 of 1st period - Penalty to Zach Bogosian is over, Zach Bogosian is back on ice.
10:37 of 1st period - Zach Parise is hit by Jared McCann and loses puck.
11:00 of 1st period - Daniel Sprong is hit by Jani Hakanpaa and loses puck.
11:13 of 1st period - MacKenzie Weegar is hit by Mason McTavish and loses puck.
11:21 of 1st period - Icing by MacKenzie Weegar.
11:22 of 1st period - Ross Colton wins face-off versus Steven Stamkos in Detroit Red Wings zone.
11:25 of 1st period - Slapshot by Ondrej Palat.
11:25 of 1st period - Stopped by Calvin Pickard with a rebound.
11:27 of 1st period - Snap shot by Mark Jankowski.
11:27 of 1st period - Shot Misses the Net.
11:29 of 1st period - Slapshot by Jani Hakanpaa.
11:29 of 1st period - Deflect By Jakob Silfverberg.
11:29 of 1st period - Shot Misses the Net.
11:29 of 1st period - Puck is out of play.
11:30 of 1st period - Mark Jankowski wins face-off versus Mika Zibanejad in Detroit Red Wings zone.
12:43 of 1st period - Wrist shot by Brandon Tanev.
12:43 of 1st period - Shot Misses the Net.
13:51 of 1st period - Snap shot by Ryan Donato.
13:51 of 1st period - Deflect By Brandon Tanev.
13:51 of 1st period - Shot Blocked by Jared McCann.
13:51 of 1st period - Puck is out of play.
13:52 of 1st period - Charlie Coyle wins face-off versus Mika Zibanejad in Detroit Red Wings zone.
13:59 of 1st period - Snap shot by Mason McTavish.
13:59 of 1st period - Stopped by Calvin Pickard with a rebound.
14:07 of 1st period - Snap shot by Matthew Boldy.
14:07 of 1st period - Deflect By Mika Zibanejad.
14:07 of 1st period - Stopped by Petr Mrazek with a rebound.
14:09 of 1st period - Wrist shot by Mika Zibanejad.
14:09 of 1st period - Stopped by Petr Mrazek with a rebound.
14:19 of 1st period - Mats Zuccarello is hit by Zach Bogosian and loses puck.
14:26 of 1st period - Snap shot by Daniel Sprong.
14:26 of 1st period - Shot Misses the Net.
14:30 of 1st period - Snap shot by Daniel Sprong.
14:30 of 1st period - Stopped by Petr Mrazek with a rebound.
14:32 of 1st period - Snap shot by Christian Fischer.
14:32 of 1st period - Shot Hit the Post.
14:47 of 1st period - Matt Dumba is hit by Jared McCann and loses puck.
15:09 of 1st period - Minor Penalty to Kevin Stenlund for Holding.
15:10 of 1st period - Mika Zibanejad wins face-off versus Mason McTavish in Detroit Red Wings zone.
15:40 of 1st period - Snap shot by Charlie Coyle.
15:40 of 1st period - Stopped by Calvin Pickard with a rebound.
15:42 of 1st period - Slapshot by Jani Hakanpaa.
15:42 of 1st period - Shot Misses the Net.
15:44 of 1st period - Slapshot by Mats Zuccarello.
15:44 of 1st period - Stopped by Calvin Pickard without a rebound.
15:45 of 1st period - Mason McTavish wins face-off versus Steven Stamkos in Detroit Red Wings zone.
15:50 of 1st period - Wrist shot by Erik Haula.
15:50 of 1st period - Shot Blocked by Steven Stamkos.
16:00 of 1st period - Wrist shot by Steven Stamkos.
16:00 of 1st period - Shot Blocked by Brayden McNabb.
16:23 of 1st period - Snap shot by Mika Zibanejad.
16:23 of 1st period - Shot Misses the Net.
17:09 of 1st period - Penalty to Kevin Stenlund is over, Kevin Stenlund is back on ice.
17:19 of 1st period - Wrist shot by Daniel Sprong.
17:19 of 1st period - Shot Misses the Net.
17:42 of 1st period - Snap shot by Ondrej Palat.
17:42 of 1st period - Stopped by Calvin Pickard with a rebound.
17:44 of 1st period - Slapshot by Mark Jankowski.
17:44 of 1st period - Shot Misses the Net.
17:46 of 1st period - Wrist shot by Johnathan Kovacevic.
17:46 of 1st period - Deflect By Mika Zibanejad.
17:46 of 1st period - Stopped by Calvin Pickard with a rebound.
17:48 of 1st period - Snap shot by Ondrej Palat.
17:48 of 1st period - Stopped by Calvin Pickard with a rebound.
18:10 of 1st period - Slapshot by Jakob Silfverberg.
18:10 of 1st period - Stopped by Calvin Pickard with a rebound.
18:37 of 1st period - Mika Zibanejad is hit by Jared Spurgeon and loses puck.
19:04 of 1st period - Wrist shot by Mika Zibanejad.
19:04 of 1st period - Shot Misses the Net.
19:06 of 1st period - Slapshot by Matthew Boldy.
19:06 of 1st period - Shot Blocked by Mark Jankowski.
19:08 of 1st period - Backhand shot by MacKenzie Weegar.
19:08 of 1st period - Stopped by Petr Mrazek with a rebound.
19:10 of 1st period - Wrist shot by Mika Zibanejad.
19:10 of 1st period - Stopped by Petr Mrazek with a rebound.
19:20 of 1st period - Wrist shot by Matthew Boldy.
19:20 of 1st period - Stopped by Petr Mrazek with a rebound.
19:22 of 1st period - Backhand shot by Matthew Boldy.
19:22 of 1st period - Shot Misses the Net.
19:24 of 1st period - Wrist shot by Mika Zibanejad.
19:24 of 1st period - Stopped by Petr Mrazek without a rebound.
19:25 of 1st period - Steven Stamkos wins face-off versus Erik Haula in Arizona Coyotes zone.
Goals for this period are 1 for Detroit Red Wings vs 0 for Arizona Coyotes.
Shots for this period are 9 for Detroit Red Wings vs 12 for Arizona Coyotes.
2nd period
0:01 of 2nd period - Steven Stamkos wins face-off versus Erik Haula in neutral zone.
0:43 of 2nd period - Jared Spurgeon is hit by Raphael Lavoie.
0:57 of 2nd period - Wrist shot by Ross Colton.
0:57 of 2nd period - Stopped by Calvin Pickard without a rebound.
0:58 of 2nd period - Ross Colton wins face-off versus Mika Zibanejad in Detroit Red Wings zone.
1:11 of 2nd period - Wrist shot by Ryan Donato.
1:11 of 2nd period - Stopped by Calvin Pickard with a rebound.
1:13 of 2nd period - Slapshot by Brayden McNabb.
1:13 of 2nd period - Stopped by Calvin Pickard without a rebound.
1:14 of 2nd period - Erik Haula wins face-off versus Steven Stamkos in Detroit Red Wings zone.
1:23 of 2nd period - Tyler Seguin is hit by Jared McCann and loses puck.
1:30 of 2nd period - Snap shot by Steven Stamkos.
1:30 of 2nd period - Stopped by Petr Mrazek without a rebound.
1:31 of 2nd period - Charlie Coyle wins face-off versus Mika Zibanejad in Arizona Coyotes zone.
1:57 of 2nd period - Zachary Werenski is hit by Radko Gudas and loses puck.
2:19 of 2nd period - Off-side.
2:20 of 2nd period - Ross Colton wins face-off versus Kevin Stenlund in neutral zone.
2:34 of 2nd period - Slapshot by Shayne Gostisbehere.
2:34 of 2nd period - Deflect By Kevin Stenlund.
2:34 of 2nd period - Shot Misses the Net.
2:34 of 2nd period - Puck is out of play.
2:35 of 2nd period - Steven Stamkos wins face-off versus Erik Haula in Arizona Coyotes zone.
2:36 of 2nd period - Snap shot by Patrick Kane.
2:36 of 2nd period - Stopped by Petr Mrazek with a rebound.
2:38 of 2nd period - Snap shot by Shayne Gostisbehere.
2:38 of 2nd period - Deflect By Patrick Kane.
2:38 of 2nd period - Stopped by Petr Mrazek with a rebound.
2:43 of 2nd period - Slapshot by Shayne Gostisbehere.
2:43 of 2nd period - Stopped by Petr Mrazek with a rebound.
2:45 of 2nd period - Slapshot by Shayne Gostisbehere.
2:45 of 2nd period - Deflect By Jared McCann.
2:45 of 2nd period - Stopped by Petr Mrazek with a rebound.
2:49 of 2nd period - Snap shot by Steven Stamkos.
2:49 of 2nd period - Deflect By Patrick Kane.
2:49 of 2nd period - Stopped by Petr Mrazek without a rebound.
2:50 of 2nd period - Charlie Coyle wins face-off versus Mika Zibanejad in Arizona Coyotes zone.
3:21 of 2nd period - Wrist shot by Zachary Werenski.
3:21 of 2nd period - Shot Hit the Post.
3:23 of 2nd period - Slapshot by MacKenzie Weegar.
3:23 of 2nd period - Stopped by Petr Mrazek with a rebound.
3:41 of 2nd period - Ryan Donato is hit by Keegan Kolesar and loses puck.
4:34 of 2nd period - Wrist shot by Mika Zibanejad.
4:34 of 2nd period - Shot Misses the Net.
4:46 of 2nd period - Zach Bogosian is hit by Tyler Seguin and loses puck.
4:55 of 2nd period - Zach Parise is hit by Jared McCann and loses puck.
5:12 of 2nd period - Tyler Seguin is hit by Zach Bogosian and loses puck.
5:30 of 2nd period - Brendan Gallagher is hit by Brandon Tanev and loses puck.
5:37 of 2nd period - Wrist shot by Ross Colton.
5:37 of 2nd period - Stopped by Calvin Pickard without a rebound.
5:38 of 2nd period - Mika Zibanejad wins face-off versus Charlie Coyle in Detroit Red Wings zone.
6:14 of 2nd period - Snap shot by Jared McCann.
6:14 of 2nd period - Stopped by Petr Mrazek with a rebound.
6:26 of 2nd period - Slapshot by Mark Jankowski.
6:26 of 2nd period - Shot Misses the Net.
6:28 of 2nd period - Slapshot by Jared Spurgeon.
6:28 of 2nd period - Stopped by Calvin Pickard with a rebound.
6:44 of 2nd period - Keegan Kolesar is hit by Radko Gudas and loses puck.
7:14 of 2nd period - Icing by Zach Bogosian.
7:15 of 2nd period - Ross Colton wins face-off versus Brendan Gallagher in Detroit Red Wings zone.
7:32 of 2nd period - Slapshot by Shayne Gostisbehere.
7:32 of 2nd period - Stopped by Petr Mrazek with a rebound.
8:57 of 2nd period - Snap shot by Brandon Tanev.
8:57 of 2nd period - Shot Misses the Net.
9:09 of 2nd period - Slapshot by Erik Haula.
9:09 of 2nd period - Stopped by Calvin Pickard with a rebound.
9:11 of 2nd period - Wrist shot by Tyler Seguin.
9:11 of 2nd period - Shot Hit the Post.
9:13 of 2nd period - Wrist shot by Erik Haula.
9:13 of 2nd period - Shot Misses the Net.
9:15 of 2nd period - Wrist shot by Erik Haula.
9:15 of 2nd period - Stopped by Calvin Pickard with a rebound.
9:33 of 2nd period - Wrist shot by Daniel Sprong.
9:33 of 2nd period - Shot Blocked by Brayden McNabb.
10:16 of 2nd period - Raphael Lavoie is hit by Ondrej Palat and loses puck.
10:49 of 2nd period - Slapshot by Daniel Sprong.
10:49 of 2nd period - Stopped by Petr Mrazek without a rebound.
10:50 of 2nd period - Mika Zibanejad wins face-off versus Erik Haula in Arizona Coyotes zone.
11:01 of 2nd period - Slapshot by Matthew Boldy.
11:01 of 2nd period - Shot Misses the Net.
11:03 of 2nd period - Wrist shot by Mika Zibanejad.
11:03 of 2nd period - Shot Blocked by Zach Parise.
11:05 of 2nd period - Wrist shot by Carter Verhaeghe.
11:05 of 2nd period - Stopped by Petr Mrazek without a rebound.
11:06 of 2nd period - Charlie Coyle wins face-off versus Steven Stamkos in Arizona Coyotes zone.
12:04 of 2nd period - Wrist shot by Ryan Donato.
12:04 of 2nd period - Shot Misses the Net.
12:06 of 2nd period - Snap shot by Ryan Donato.
12:06 of 2nd period - Shot Blocked by Kevin Shattenkirk.
12:16 of 2nd period - Matthew Boldy is hit by Jani Hakanpaa and loses puck.
12:21 of 2nd period - Snap shot by Ondrej Palat.
12:21 of 2nd period - Shot Blocked by Kevin Shattenkirk.
12:23 of 2nd period - Wrist shot by Ondrej Palat.
12:23 of 2nd period - Deflect By Mark Jankowski.
12:23 of 2nd period - Shot Blocked by Matthew Boldy.
12:23 of 2nd period - Puck is out of play.
12:24 of 2nd period - Steven Stamkos wins face-off versus Charlie Coyle in Detroit Red Wings zone.
12:29 of 2nd period - Matt Dumba is hit by Patrick Kane and loses puck.
12:37 of 2nd period - Icing by Mason McTavish.
12:38 of 2nd period - Mika Zibanejad wins face-off versus Charlie Coyle in Arizona Coyotes zone.
12:42 of 2nd period - Icing by Mason McTavish.
12:43 of 2nd period - Mika Zibanejad wins face-off versus Mason McTavish in Arizona Coyotes zone.
13:36 of 2nd period - Shayne Gostisbehere is hit by Mats Zuccarello.
14:12 of 2nd period - Backhand shot by Mika Zibanejad.
14:12 of 2nd period - Stopped by Petr Mrazek with a rebound.
15:06 of 2nd period - Icing by Mason McTavish.
15:07 of 2nd period - Charlie Coyle wins face-off versus Steven Stamkos in Arizona Coyotes zone.
15:41 of 2nd period - Snap shot by Christian Fischer.
15:41 of 2nd period - Stopped by Petr Mrazek without a rebound.
15:42 of 2nd period - Ross Colton wins face-off versus Steven Stamkos in Arizona Coyotes zone.
15:48 of 2nd period - Icing by Jared Spurgeon.
15:49 of 2nd period - Steven Stamkos wins face-off versus Ross Colton in Arizona Coyotes zone.
15:52 of 2nd period - Wrist shot by Steven Stamkos.
15:52 of 2nd period - Shot Blocked by Jani Hakanpaa.
16:24 of 2nd period - Wrist shot by Steven Stamkos.
16:24 of 2nd period - Stopped by Petr Mrazek without a rebound.
16:25 of 2nd period - Daniel Sprong wins face-off versus Erik Haula in Arizona Coyotes zone.
16:25 of 2nd period - Zachary Werenski is hit by Brayden McNabb.
16:51 of 2nd period - Keegan Kolesar is hit by Radko Gudas and loses puck.
17:14 of 2nd period - Slapshot by Zachary Werenski.
17:14 of 2nd period - Deflect By Jared McCann.
17:14 of 2nd period - Shot Misses the Net.
17:14 of 2nd period - Puck is out of play.
17:15 of 2nd period - Erik Haula wins face-off versus Steven Stamkos in Arizona Coyotes zone.
17:15 of 2nd period - Erik Haula is hit by Patrick Kane.
17:24 of 2nd period - Minor Penalty to Steven Stamkos for High sticking.
17:25 of 2nd period - Mason McTavish wins face-off versus Mika Zibanejad in Detroit Red Wings zone.
17:50 of 2nd period - Mats Zuccarello is hit by Shayne Gostisbehere and loses puck.
18:13 of 2nd period - MacKenzie Weegar is hit by Erik Haula and loses puck.
18:28 of 2nd period - Jared McCann is hit by Jani Hakanpaa and loses puck.
19:07 of 2nd period - Mika Zibanejad is hit by Jared Spurgeon and loses puck.
19:24 of 2nd period - Penalty to Steven Stamkos is over, Steven Stamkos is back on ice.
19:40 of 2nd period - Raphael Lavoie is hit by Ondrej Palat and loses puck.
Goals for this period are 0 for Detroit Red Wings vs 0 for Arizona Coyotes.
Shots for this period are 14 for Detroit Red Wings vs 7 for Arizona Coyotes.
3rd period
0:01 of 3rd period - Erik Haula wins face-off versus Steven Stamkos in neutral zone.
0:43 of 3rd period - Wrist shot by Steven Stamkos.
0:43 of 3rd period - Shot Misses the Net.
0:45 of 3rd period - Slapshot by MacKenzie Weegar.
0:45 of 3rd period - Shot Blocked by Jared Spurgeon.
0:47 of 3rd period - Wrist shot by Jared McCann.
0:47 of 3rd period - Shot Misses the Net.
0:49 of 3rd period - Slapshot by Jared McCann.
0:49 of 3rd period - Shot Misses the Net.
0:51 of 3rd period - Slapshot by Steven Stamkos.
0:51 of 3rd period - Shot Misses the Net.
0:53 of 3rd period - Snap shot by Jared McCann.
0:53 of 3rd period - Goal by Jared McCann - Detroit Red Wings : 2 - Arizona Coyotes : 0.
0:54 of 3rd period - Erik Haula wins face-off versus Mika Zibanejad in neutral zone.
1:03 of 3rd period - Snap shot by Erik Haula.
1:03 of 3rd period - Stopped by Calvin Pickard with a rebound.
2:18 of 3rd period - Wrist shot by Matthew Boldy.
2:18 of 3rd period - Stopped by Petr Mrazek without a rebound.
2:19 of 3rd period - Erik Haula wins face-off versus Mika Zibanejad in Arizona Coyotes zone.
2:31 of 3rd period - Erik Haula is hit by MacKenzie Weegar and loses puck.
2:44 of 3rd period - Slapshot by Carter Verhaeghe.
2:44 of 3rd period - Stopped by Petr Mrazek with a rebound.
2:46 of 3rd period - Snap shot by Matthew Boldy.
2:46 of 3rd period - Stopped by Petr Mrazek without a rebound.
2:47 of 3rd period - Ross Colton wins face-off versus Steven Stamkos in Arizona Coyotes zone.
2:51 of 3rd period - Off-side.
2:52 of 3rd period - Steven Stamkos wins face-off versus Ross Colton in neutral zone.
2:55 of 3rd period - Brandon Tanev is hit by Jared McCann and loses puck.
3:02 of 3rd period - Snap shot by Patrick Kane.
3:02 of 3rd period - Stopped by Petr Mrazek without a rebound.
3:03 of 3rd period - Steven Stamkos wins face-off versus Tyler Seguin in Arizona Coyotes zone.
3:30 of 3rd period - Ross Colton is hit by Matthew Boldy and loses puck.
3:57 of 3rd period - Slapshot by Ondrej Palat.
3:57 of 3rd period - Stopped by Calvin Pickard with a rebound.
3:59 of 3rd period - Slapshot by Matt Dumba.
3:59 of 3rd period - Deflect By Mika Zibanejad.
3:59 of 3rd period - Stopped by Calvin Pickard with a rebound.
4:09 of 3rd period - Slapshot by Zachary Werenski.
4:09 of 3rd period - Stopped by Petr Mrazek without a rebound.
4:10 of 3rd period - Raphael Lavoie wins face-off versus Charlie Coyle in Arizona Coyotes zone.
4:41 of 3rd period - Off-side.
4:42 of 3rd period - Steven Stamkos wins face-off versus Erik Haula in neutral zone.
4:47 of 3rd period - Snap shot by Patrick Kane.
4:47 of 3rd period - Stopped by Petr Mrazek without a rebound.
4:48 of 3rd period - Steven Stamkos wins face-off versus Erik Haula in Arizona Coyotes zone.
4:51 of 3rd period - Slapshot by Steven Stamkos.
4:51 of 3rd period - Shot Misses the Net.
5:22 of 3rd period - Snap shot by Mats Zuccarello.
5:22 of 3rd period - Shot Misses the Net.
5:24 of 3rd period - Slapshot by Jared Spurgeon.
5:24 of 3rd period - Shot Misses the Net.
5:26 of 3rd period - Slapshot by Jani Hakanpaa.
5:26 of 3rd period - Stopped by Calvin Pickard with a rebound.
6:07 of 3rd period - Minor Penalty to Raphael Lavoie for Hooking.
6:08 of 3rd period - Mika Zibanejad wins face-off versus Mason McTavish in Detroit Red Wings zone.
6:16 of 3rd period - Slapshot by Jared Spurgeon.
6:16 of 3rd period - Shot Misses the Net.
6:30 of 3rd period - Jared Spurgeon is hit by Mika Zibanejad and loses puck.
6:53 of 3rd period - Slapshot by Jared Spurgeon.
6:53 of 3rd period - Shot Misses the Net.
7:15 of 3rd period - Minor Penalty to Brayden McNabb for Hooking.
7:16 of 3rd period - Carter Verhaeghe wins face-off versus Charlie Coyle in Arizona Coyotes zone.
7:31 of 3rd period - Wrist shot by Tyler Seguin.
7:31 of 3rd period - Stopped by Calvin Pickard without a rebound.
7:32 of 3rd period - Mika Zibanejad wins face-off versus Mats Zuccarello in Detroit Red Wings zone.
7:39 of 3rd period - Mats Zuccarello is hit by Kevin Shattenkirk and loses puck.
7:46 of 3rd period - Slapshot by Matt Dumba.
7:46 of 3rd period - Stopped by Calvin Pickard with a rebound.
7:48 of 3rd period - Snap shot by Mats Zuccarello.
7:48 of 3rd period - Shot Blocked by Mika Zibanejad.
8:02 of 3rd period - MacKenzie Weegar is hit by Tyler Seguin and loses puck.
8:07 of 3rd period - Penalty to Raphael Lavoie is over, Raphael Lavoie is back on ice.
8:21 of 3rd period - Icing by Kevin Shattenkirk.
8:22 of 3rd period - Mats Zuccarello wins face-off versus Jared McCann in Detroit Red Wings zone.
9:15 of 3rd period - Penalty to Brayden McNabb is over, Brayden McNabb is back on ice.
9:19 of 3rd period - Radko Gudas is hit by Christian Fischer and loses puck.
10:06 of 3rd period - Snap shot by Tyler Seguin.
10:06 of 3rd period - Stopped by Calvin Pickard with a rebound.
10:08 of 3rd period - Snap shot by Jared Spurgeon.
10:08 of 3rd period - Shot Misses the Net.
10:10 of 3rd period - Slapshot by Erik Haula.
10:10 of 3rd period - Shot Misses the Net.
10:12 of 3rd period - Backhand shot by Jani Hakanpaa.
10:12 of 3rd period - Shot Blocked by Shayne Gostisbehere.
10:58 of 3rd period - Slapshot by Ryan Donato.
10:58 of 3rd period - Shot Blocked by MacKenzie Weegar.
11:43 of 3rd period - Snap shot by Mika Zibanejad.
11:43 of 3rd period - Deflect By Carter Verhaeghe.
11:43 of 3rd period - Shot Misses the Net.
11:43 of 3rd period - Puck is out of play.
11:44 of 3rd period - Mika Zibanejad wins face-off versus Ross Colton in Arizona Coyotes zone.
12:01 of 3rd period - Snap shot by Matthew Boldy.
12:01 of 3rd period - Stopped by Petr Mrazek with a rebound.
12:05 of 3rd period - Snap shot by Mika Zibanejad.
12:05 of 3rd period - Stopped by Petr Mrazek without a rebound.
12:06 of 3rd period - Erik Haula wins face-off versus Steven Stamkos in Arizona Coyotes zone.
12:31 of 3rd period - Mats Zuccarello is hit by Mika Zibanejad and loses puck.
13:24 of 3rd period - Wrist shot by Erik Haula.
13:24 of 3rd period - Stopped by Calvin Pickard without a rebound.
13:25 of 3rd period - Zach Parise wins face-off versus Mika Zibanejad in Detroit Red Wings zone.
13:31 of 3rd period - Off-side.
13:32 of 3rd period - Mika Zibanejad wins face-off versus Erik Haula in neutral zone.
13:51 of 3rd period - MacKenzie Weegar is hit by Brayden McNabb and loses puck.
14:37 of 3rd period - Snap shot by Steven Stamkos.
14:37 of 3rd period - Shot Blocked by Jani Hakanpaa.
15:07 of 3rd period - Slapshot by Jakob Silfverberg.
15:07 of 3rd period - Goal by Jakob Silfverberg - Detroit Red Wings : 2 - Arizona Coyotes : 1.
15:08 of 3rd period - Ross Colton wins face-off versus Steven Stamkos in neutral zone.
15:50 of 3rd period - Minor Penalty to Ryan Donato for Interference.
15:51 of 3rd period - Mika Zibanejad wins face-off versus Charlie Coyle in Arizona Coyotes zone.
15:51 of 3rd period - Wrist shot by Matthew Boldy.
15:51 of 3rd period - Stopped by Petr Mrazek with a rebound.
16:17 of 3rd period - Steven Stamkos is hit by Jani Hakanpaa and loses puck.
17:33 of 3rd period - Minor Penalty to Matthew Boldy for Interference.
17:34 of 3rd period - Mika Zibanejad wins face-off versus Mats Zuccarello in Detroit Red Wings zone.
17:50 of 3rd period - Penalty to Ryan Donato is over, Ryan Donato is back on ice.
17:55 of 3rd period - Slapshot by Tyler Seguin.
17:55 of 3rd period - Shot Misses the Net.
18:09 of 3rd period - Slapshot by Radko Gudas.
18:09 of 3rd period - Shot Blocked by MacKenzie Weegar.
18:11 of 3rd period - Wrist shot by Tyler Seguin.
18:11 of 3rd period - Stopped by Calvin Pickard without a rebound.
18:12 of 3rd period - Mason McTavish wins face-off versus Kevin Stenlund in Detroit Red Wings zone.
18:23 of 3rd period - Slapshot by Brandon Tanev.
18:23 of 3rd period - Stopped by Calvin Pickard without a rebound.
18:24 of 3rd period - Mika Zibanejad wins face-off versus Charlie Coyle in Detroit Red Wings zone.
18:50 of 3rd period - Brandon Tanev is hit by Mika Zibanejad and loses puck.
19:09 of 3rd period - Charlie Coyle is hit by Keegan Kolesar and loses puck.
19:33 of 3rd period - Penalty to Matthew Boldy is over, Matthew Boldy is back on ice.
19:44 of 3rd period - Arizona Coyotes, Petr Mrazek is pulled from the net.
19:44 of 3rd period - Snap shot by Mats Zuccarello.
19:44 of 3rd period - Stopped by Calvin Pickard with a rebound.
19:46 of 3rd period - Snap shot by Charlie Coyle.
19:46 of 3rd period - Stopped by Calvin Pickard without a rebound.
19:47 of 3rd period - Rod Brind'Amour call a timeout for Arizona Coyotes.
19:47 of 3rd period - Charlie Coyle wins face-off versus Mika Zibanejad in Detroit Red Wings zone.
19:48 of 3rd period - Snap shot by Mats Zuccarello.
19:48 of 3rd period - Shot Blocked by MacKenzie Weegar.
19:58 of 3rd period - Wrist shot by Charlie Coyle.
19:58 of 3rd period - Goal by Charlie Coyle - Detroit Red Wings : 2 - Arizona Coyotes : 2.
19:58 of 3rd period - Petr Mrazek from Arizona Coyotes was sent back in the game.
19:59 of 3rd period - Raphael Lavoie wins face-off versus Ross Colton in neutral zone.
Goals for this period are 1 for Detroit Red Wings vs 2 for Arizona Coyotes.
Shots for this period are 10 for Detroit Red Wings vs 14 for Arizona Coyotes.
Overtime #1
0:01 of 1st overtime period - Charlie Coyle wins face-off versus Mika Zibanejad in neutral zone.
0:20 of 1st overtime period - Carter Verhaeghe is hit by Jani Hakanpaa and loses puck.
1:34 of 1st overtime period - Tyler Seguin is hit by MacKenzie Weegar and loses puck.
3:05 of 1st overtime period - Zachary Werenski is hit by Matt Dumba and loses puck.
3:24 of 1st overtime period - Matthew Boldy is hit by Jakob Silfverberg.
3:28 of 1st overtime period - Jakob Silfverberg is hit by Matthew Boldy and loses puck.
4:38 of 1st overtime period - Icing by Tyler Seguin.
4:39 of 1st overtime period - Charlie Coyle wins face-off versus Mika Zibanejad in Arizona Coyotes zone.
Goals for this period are 0 for Detroit Red Wings vs 0 for Arizona Coyotes.
Shots for this period are 0 for Detroit Red Wings vs 0 for Arizona Coyotes.
ShootOut
5:00 of 1st overtime period - Round #1.
5:00 of 1st overtime period - Detroit Red Wings, Mika Zibanejad.
5:00 of 1st overtime period - Wrist shot by Mika Zibanejad.
5:00 of 1st overtime period - Stopped by Petr Mrazek.
5:00 of 1st overtime period - Arizona Coyotes, Charlie Coyle.
5:00 of 1st overtime period - Wrist shot by Charlie Coyle.
5:00 of 1st overtime period - Stopped by Calvin Pickard.
5:00 of 1st overtime period - Round #2.
5:00 of 1st overtime period - Detroit Red Wings, Steven Stamkos.
5:00 of 1st overtime period - Deke by Steven Stamkos.
5:00 of 1st overtime period - Stopped by Petr Mrazek.
5:00 of 1st overtime period - Arizona Coyotes, Tyler Seguin.
5:00 of 1st overtime period - Deke by Tyler Seguin.
5:00 of 1st overtime period - Stopped by Calvin Pickard.
5:00 of 1st overtime period - Round #3.
5:00 of 1st overtime period - Detroit Red Wings, Matthew Boldy.
5:00 of 1st overtime period - Wrist shot by Matthew Boldy.
5:00 of 1st overtime period - Stopped by Petr Mrazek.
5:00 of 1st overtime period - Arizona Coyotes, Mats Zuccarello.
5:00 of 1st overtime period - Wrist shot by Mats Zuccarello.
5:00 of 1st overtime period - Shot Hit the Post.
5:00 of 1st overtime period - Round #4.
5:00 of 1st overtime period - Detroit Red Wings, Carter Verhaeghe.
5:00 of 1st overtime period - Wrist shot by Carter Verhaeghe.
5:00 of 1st overtime period - Goal by Carter Verhaeghe.
5:00 of 1st overtime period - Arizona Coyotes, Mason McTavish.
5:00 of 1st overtime period - Backhand shot by Mason McTavish.
5:00 of 1st overtime period - Stopped by Calvin Pickard.
Back to the Top